 Dungeon Sprint DCSS version 0.23.0 (webtiles) character file.

Game seed: 15167008932407299159

67824 Groucho the Impregnable (level 14, -3/153 HPs)
             Began as a Deep Dwarf Fighter on Feb 11, 2019.
             Was a High Priest of Makhleb.
             Killed from afar by Jory (43 damage)
             ... with a crystal spear
             ... in the Dungeon (Sprint IX: "|||||||||||||||||||||||||||||").
             The game lasted 00:22:54 (6847 turns).

Groucho the Impregnable (Deep Dwarf Fighter)        Turns: 6847, Time: 00:22:55

Health: -3/153     AC: 28    Str: 26    XL:     14   Next: 84%
Magic:  16/16      EV: 19    Int: 10    God:    Makhleb [*****.]
Gold:   1905       SH: 15    Dex: 13    Spells: 13/13 levels left

rFire    . . .     SeeInvis .   y - +1 demon blade
rCold    . . .     Gourm    .   c - +0 shield
rNeg     + . .     Faith    .   A - +0 storm dragon scales
rPois    .         Spirit   .   v - +0 helmet
rElec    +         Reflect  .   u - +0 cloak
rCorr    .         Harm     .   z - +1 pair of gloves
MR       ++...     NoTele   +   (no boots)
Stlth    ..........             (no amulet)
HPRegen  0.00/turn              s - +2 ring of protection
MPRegen  0.15/turn              r - +3 ring of strength

@: non-regenerating
A: damage resistance, heal wounds, negative energy resistance 1, sense
surroundings 2, no regeneration
a: Heal Wounds, Minor Destruction, Lesser Servant of Makhleb, Major Destruction,
Greater Servant of Makhleb, Renounce Religion


You were in the Dungeon.
You worshipped Makhleb.
Makhleb was extremely pleased with you.
You were hungry.

You visited 1 branch You collected 1905 gold pieces.

Inventory:

Hand Weapons
 o - a +2 scimitar of holy wrath
 y - a +1 demon blade (weapon)
Missiles
 b - 5 tomahawks (quivered)
Armour
 c - a +0 shield (worn)
 u - a +0 cloak (worn)
 v - a +0 helmet (worn)
 z - a +1 pair of gloves (worn)
 A - +0 storm dragon scales (worn)
Jewellery
 g - an uncursed ring of protection from cold
 r - a +3 ring of strength (right hand)
 s - a +2 ring of protection (left hand)
 w - an uncursed ring of fire
 x - an uncursed ring of protection from magic
Wands
 n - a wand of acid (8)
Scrolls
 j - a scroll of fear
 k - 5 scrolls of blinking
 l - 5 scrolls of remove curse
 m - 2 scrolls of amnesia
 p - a scroll of fog
 t - 4 scrolls of enchant weapon
Potions
 a - a potion of degeneration {unknown}
 e - 2 potions of curing
 h - a potion of haste
 i - 4 potions of magic
Comestibles
 f - 9 rations


   Skills:
 - Level 17.5 Fighting
 - Level 16.7 Long Blades
 - Level 21.1 Armour
 + Level 18.5 Dodging
 - Level 17.1 Shields
 - Level 18.5 Invocations


You had 13 spell levels left.
You didn't know any spells.
Your spell library contained the following spells:

 Spells                   Type           Power        Failure   Level  Hunger
 Ignite Poison            Fire/Tmut/Pois #.......     97%         3    ####...
 Stone Arrow              Conj/Erth      #.....       97%         3    ####...
 Petrify                  Tmut/Erth      #.......     100%        4    #####..
 Lee's Rapid Deconstruct  Erth           #.........   100%        5    ######.
 Yara's Violent Unravell  Hex/Tmut       #.........   100%        5    ######.


Dungeon Overview and Level Annotations

Branches:
Dungeon (1/1)

Altars:
Cheibriados
Dithmenos
Elyvilon
Fedhas
Gozag
Hepliaklqana
Kikubaaqudgha
Makhleb
Nemelex Xobeh
Okawaru
Qazlal
Ru
Sif Muna
Trog
Uskayaw
Vehumet
Wu Jian
Xom
Yredelemnul
Zin
The Shining One
Beogh
Jiyva
Lugonu

Shops:
D ?%}:

Annotations:
D Jory


Innate Abilities, Weirdness & Mutations

You are resistant to damage.
You can heal yourself by infusing magical energy.
You resist negative energy. (rN+)
You passively map the area around you.
You do not regenerate.


Message History

Evoke which item? (* to show all) (? for menu, Esc to quit)
Aiming: Corrosive Bolt
Press: ? - help, Shift-Dir - straight line, f - Jory
Aim: Jory, wielding a +2 great sword of protection and wearing a +0 plate armour (lightly damaged, mesmerising)
The bolt of acid hits Jory!
Jory is splashed with acid!
Jory is moderately damaged.
You break out of your daze.
Jory hits you with a +2 great sword of protection!!
* * * LOW HITPOINT WARNING * * *
Jory bites you but does no damage.
Unknown command.
Evoke which item? (* to show all) (? for menu, Esc to quit)
Aiming: Corrosive Bolt
Press: ? - help, Shift-Dir - straight line, f/p - Jory
Aim: Jory, wielding a +2 great sword of protection and wearing a +0 plate armour (moderately damaged)
The bolt of acid hits Jory but does no damage.
Jory is moderately damaged.
Jory points at you and mumbles some strange words.
The crystal spear hits you!!!
You die...

▓...........÷)))'....
▓▓▓▓▓▓▓▓▓▓▓▓▓▓▓▓▓▓▓▓▓
▓....................
▓.▓▓▓▓▓▓▓▓▓▓▓▓▓▓▓▓▓▓▓
▓................()()
▓▓▓▓▓▓▓▓▓▓▓▓▓▓▓▓▓▓▓▓▓
▓....................
▓.▓▓▓▓▓▓▓▓▓▓▓▓▓▓▓▓▓▓▓
▓..V@....... ,
▓▓▓▓▓▓▓▓▓▓▓▓** * * *
, , , , , , *** * **
** * * , ,, , , * *
** * * * , , ,,, , ,
* * * * , ,


You could see Jory.

Vanquished Creatures
  A lich (D)
  A titan (D)
  3 sphinxes (D)
  Agnes (D)
  A draconian monk (D)
  A frost giant (D)
  Aizul (D)
  A vault warden (D)
  2 ironheart preservers (D)
  A draconian annihilator (D)
  2 very ugly things (D)
  2 stone giants (D)
  An entropy weaver (D)
  2 ettins (D)
  A merfolk impaler (D)
  A yaktaur captain (D)
  2 great orbs of eyes (D)
  2 ice dragons (D)
  An alligator snapping turtle (D)
  2 ogre magi (D)
  3 centaur warriors (D)
  2 alligators (D)
  A two-headed ogre (D)
  A deep troll shaman (D)
  A vampire mage (D)
  4 orc high priests (D)
  2 hell knights (D)
  A spriggan berserker (D)
  A spriggan druid (D)
  A sea snake (D)
  2 ironbrand convokers (D)
  4 orc knights (D)
  3 necromancers (D)
  2 cyclopes (D)
  8 elephants (D)
  A moth of wrath (D)
  A guardian serpent (D)
  A black mamba (D)
  2 spiny frogs (D)
  A vault sentinel (D)
  A gargoyle (D)
  A rime drake (D)
  A rime drake (shapeshifter) (D)
  3 yaktaurs (D)
  A demonic crawler (D)
  A freezing wraith (D)
  2 tengu conjurers (D)
  3 merfolk (D)
  A troll (D)
  A wind drake (D)
  2 tyrant leeches (D)
  A bog body (D)
  A blink frog (D)
  A hornet (D)
  3 slime creatures (D)
  2 hippogriffs (D)
  A vampire (D)
  A spriggan (D)
  2 wyverns (D)
  Grum (D)
  A basilisk (D)
  Eustachio (D)
  An insubstantial wisp (D)
  An acid dragon (D)
  4 water moccasins (D)
  2 porcupines (D)
  A sky beast (D)
  An ice beast (D)
  11 orc warriors (D)
  An eye of draining (D)
  An ogre (D)
  2 wolves (D)
  3 crocodiles (D)
  2 bullfrogs (D)
  A scorpion (D)
  A crimson imp (D)
  3 orc priests (D)
  7 orc wizards (D)
  An adder (D)
  2 shadow imps (D)
  A leopard gecko (D)
  5 orcs (D)
  2 bats (D)
  A bat skeleton (D)
  A giant cockroach (D)
  A hobgoblin (D)
  A quokka (D)
  A ball python (D)
  A ball python simulacrum (D)
  A jackal skeleton (D)
  A kobold (D)
164 creatures vanquished.

Vanquished Creatures (collateral kills)
  Saint Roka (D)
  A nagaraja (D)
  A ghost moth (D)
  A fire giant (D)
  An entropy weaver (D)
  A merfolk impaler (D)
  A naga warrior (D)
  An alligator snapping turtle (D)
  An anaconda (D)
  3 orc high priests (D)
  A deep troll shaman (D)
  A mana viper (D)
  2 wolf spiders (D)
  5 orc knights (D)
  2 black mambas (D)
  2 redbacks (D)
  A tarantella (D)
  2 nagas (D)
  An orc priest (D)
  2 orcs (D)
31 creatures vanquished.

Grand Total: 195 creatures vanquished

Notes
Turn   | Place    | Note
-------+----------+-------------------------------------------
     0 | D        | Groucho the Deep Dwarf Fighter began the quest for the Orb.
     0 | D        | Reached XP level 1. HP: 20/20 MP: 1/1
    10 | D        | Reached skill level 4 in Armour
    20 | D        | Noticed an ogre
    20 | D        | Noticed a crimson imp
    25 | D        | Killed an ogre
    25 | D        | Reached skill level 7 in Armour
    25 | D        | Reached XP level 2. HP: 27/27 MP: 2/2
    25 | D        | Reached XP level 3. HP: 33/33 MP: 3/3
    25 | D        | Reached XP level 4. HP: 40/40 MP: 4/4
    41 | D        | Reached skill level 8 in Armour
   375 | D        | Found a roughly hewn altar of Beogh.
   375 | D        | Found a snail-covered altar of Cheibriados.
   375 | D        | Found a shadowy altar of Dithmenos.
   375 | D        | Found a white marble altar of Elyvilon.
   375 | D        | Found a blossoming altar of Fedhas.
   375 | D        | Found an opulent altar of Gozag.
   376 | D        | Found a hazy altar of Hepliaklqana.
   377 | D        | Found a viscous altar of Jiyva.
   378 | D        | Found an ancient bone altar of Kikubaaqudgha.
   379 | D        | Found a corrupted altar of Lugonu.
   380 | D        | Found a burning altar of Makhleb.
   381 | D        | Found a sparkling altar of Nemelex Xobeh.
   382 | D        | Found an iron altar of Okawaru.
   383 | D        | Found a stormy altar of Qazlal.
   384 | D        | Found a sacrificial altar of Ru.
   385 | D        | Found a deep blue altar of Sif Muna.
   386 | D        | Found a bloodstained altar of Trog.
   387 | D        | Found a hide-covered altar of Uskayaw.
   388 | D        | Became a worshipper of Makhleb the Destroyer
   389 | D        | Found a radiant altar of Vehumet.
   390 | D        | Found an ornate altar of the Wu Jian Council.
   391 | D        | Found a shimmering altar of Xom.
   392 | D        | Found a basalt altar of Yredelemnul.
   393 | D        | Found a glowing silver altar of Zin.
   394 | D        | Found a glowing golden altar of the Shining One.
   446 | D        | Noticed a hippogriff
   446 | D        | Noticed a wyvern
   457 | D        | Killed a hippogriff
   457 | D        | Reached skill level 9 in Armour
   457 | D        | Reached skill level 5 in Shields
   457 | D        | Reached XP level 5. HP: 15/51 MP: 5/5
   457 | D        | Reached XP level 6. HP: 17/58 MP: 6/6
   458 | D        | Reached * piety under Makhleb
   468 | D        | Killed a wyvern
   468 | D        | Reached ** piety under Makhleb
   468 | D        | Reached skill level 5 in Fighting
   468 | D        | Reached skill level 10 in Armour
   871 | D        | Noticed a tengu conjurer
   871 | D        | Noticed a slime creature
   871 | D        | Noticed a two-headed ogre
   871 | D        | Noticed a gargoyle
   871 | D        | Noticed an ice beast
   882 | D        | Killed a tengu conjurer
   882 | D        | Reached XP level 7. HP: 25/70 MP: 5/8
   888 | D        | Killed a slime creature
   897 | D        | Killed a two-headed ogre
   897 | D        | Reached skill level 10 in Long Blades
   897 | D        | Reached skill level 11 in Armour
   897 | D        | Reached XP level 8. HP: 35/81 MP: 6/12
   900 | D        | Reached *** piety under Makhleb
   905 | D        | Killed a gargoyle
  1028 | D        | Got the Catalogue of Dusty Shape Shifting
  1313 | D        | Noticed a black mamba
  1316 | D        | Reached skill level 12 in Armour
  1316 | D        | Gained mutation: You passively map the area around you.
                  | [Deep Dwarf growth]
  1316 | D        | Reached XP level 9. HP: 61/88 MP: 14/14
  1326 | D        | Killed a black mamba
  1326 | D        | Reached **** piety under Makhleb
  1326 | D        | Reached skill level 10 in Shields
  1352 | D        | Reached ***** piety under Makhleb
  1582 | D        | Noticed a spiny frog
  1584 | D        | Noticed a rime drake
  1593 | D        | Reached skill level 10 in Invocations
  1616 | D        | Killed a spiny frog
  1616 | D        | Reached skill level 13 in Armour
  1624 | D        | Killed a rime drake
  1624 | D        | Reached XP level 10. HP: 37/100 MP: 15/17
  1625 | D        | Reached ****** piety under Makhleb
  1652 | D        | Noticed an elephant
  1652 | D        | Noticed an elephant
  1652 | D        | Noticed an elephant
  1652 | D        | Noticed an elephant
  1652 | D        | Noticed an elephant
  1652 | D        | Noticed an elephant
  1665 | D        | Killed an elephant
  1665 | D        | Reached skill level 10 in Fighting
  1677 | D        | Killed an elephant
  1689 | D        | Killed an elephant
  1699 | D        | Killed an elephant
  1718 | D        | Killed an elephant
  1735 | D        | Killed an elephant
  1735 | D        | Reached skill level 14 in Armour
  1739 | D        | Noticed an elephant
  1750 | D        | Killed an elephant
  1762 | D        | Noticed an elephant
  1776 | D        | Killed an elephant
  2154 | D        | Noticed Eustachio
  2174 | D        | Killed Eustachio
  2246 | D        | Noticed an orc high priest
  2251 | D        | Noticed a sun demon
  2280 | D        | Noticed a smoke demon
  2287 | D        | Killed an orc high priest
  2287 | D        | Reached XP level 11. HP: 71/111 MP: 19/19
  2485 | D        | Noticed an orc knight
  2525 | D        | Killed an orc knight
  2575 | D        | Found Juikekes's Magic Scroll Emporium.
  2575 | D        | Noticed an orc knight
  2575 | D        | Noticed an orc knight
  2575 | D        | Noticed an orc knight
  2575 | D        | Noticed an orc high priest
  2575 | D        | Noticed an orc knight
  2584 | D        | Killed an orc knight
  2587 | D        | Killed an orc knight
  2590 | D        | Killed an orc knight
  2591 | D        | HP: 3/111 [orc high priest/divine providence (9)]
  2591 | D        | Noticed an orc knight
  2593 | D        | Killed an orc high priest
  2593 | D        | Reached skill level 15 in Armour
  2595 | D        | Killed an orc knight
  2611 | D        | Killed an orc knight
  2613 | D        | Noticed an orc high priest
  2616 | D        | Noticed an orc high priest
  2622 | D        | Noticed a sixfirhy
  2628 | D        | Killed an orc high priest
  2631 | D        | Noticed an orc high priest
  2636 | D        | Killed an orc high priest
  2638 | D        | Found Diucil's Food Shoppe.
  2648 | D        | Killed an orc high priest
  2649 | D        | Found Bugon's Gadget Emporium.
  2656 | D        | Found Lual's Book Shoppe.
  2659 | D        | Noticed an orc knight
  2660 | D        | Noticed an orc high priest
  2661 | D        | Noticed an orc high priest
  2662 | D        | Noticed an orc knight
  2665 | D        | Noticed a sixfirhy
  2675 | D        | Killed an orc knight
  2681 | D        | Killed an orc high priest
  2686 | D        | Killed an orc high priest
  2701 | D        | Killed an orc knight
  2701 | D        | Reached skill level 15 in Invocations
  2893 | D        | Noticed Grum
  2901 | D        | Killed Grum
  3147 | D        | Noticed a centaur warrior
  3156 | D        | Killed a centaur warrior
  3163 | D        | Noticed a centaur warrior
  3165 | D        | Noticed a centaur warrior
  3168 | D        | Noticed an ice dragon
  3175 | D        | Noticed a deep troll shaman
  3179 | D        | Reached XP level 12. HP: 118/123 MP: 9/21
  3187 | D        | Reached skill level 16 in Armour
  3197 | D        | Killed a centaur warrior
  3203 | D        | Noticed an ogre mage
  3205 | D        | Killed a centaur warrior
  3223 | D        | Killed an ice dragon
  3223 | D        | Reached skill level 15 in Long Blades
  3223 | D        | Reached skill level 15 in Shields
  3239 | D        | Killed a deep troll shaman
  3277 | D        | Killed an ogre mage
  3593 | D        | Noticed Agnes
  3594 | D        | Noticed Aizul
  3620 | D        | Killed Agnes
  3638 | D        | HP: 5/126 [Aizul (2)]
  3655 | D        | Killed Aizul
  4037 | D        | Noticed Saint Roka
  4071 | D        | HP: 4/126 [Saint Roka/divine providence (11)]
  4083 | D        | Killed Saint Roka
  4083 | D        | Reached skill level 17 in Armour
  4711 | D        | Noticed an alligator snapping turtle
  4720 | D        | Noticed a merfolk impaler
  4735 | D        | Noticed a merfolk impaler
  4749 | D        | Killed an alligator snapping turtle
  4762 | D        | Reached XP level 13. HP: 102/135 MP: 22/22
  4789 | D        | Killed a merfolk impaler
  4794 | D        | Killed a merfolk impaler
  4832 | D        | Noticed a nagaraja
  4846 | D        | Killed a nagaraja
  5083 | D        | Killed a ghost moth
  5083 | D        | Reached skill level 18 in Armour
  5086 | D        | Noticed an entropy weaver
  5092 | D        | Killed an entropy weaver
  5346 | D        | Reached skill level 15 in Fighting
  5522 | D        | Noticed a stone giant
  5522 | D        | Noticed an ettin
  5522 | D        | Noticed a lich
  5528 | D        | Reached skill level 19 in Armour
  5531 | D        | Noticed a frost giant
  5543 | D        | Noticed a fire giant
  5553 | D        | Killed a stone giant
  5559 | D        | Killed a lich
  5577 | D        | Killed a frost giant
  5577 | D        | Reached skill level 20 in Armour
  5585 | D        | Noticed a purple very ugly thing
  5592 | D        | Killed an ettin
  5595 | D        | Noticed a white very ugly thing
  5607 | D        | Killed a fire giant
  5610 | D        | Noticed a stone giant
  5612 | D        | Killed a purple very ugly thing
  5623 | D        | Killed a white very ugly thing
  5623 | D        | Gained mutation: You resist negative energy. (rN+) [Deep
                  | Dwarf growth]
  5623 | D        | Reached XP level 14. HP: 85/153 MP: 22/22
  5674 | D        | Killed a stone giant
  5674 | D        | Reached skill level 21 in Armour
  5924 | D        | Reached skill level 5 in Dodging
  6130 | D        | Noticed an ironheart preserver
  6156 | D        | Killed an ironheart preserver
  6166 | D        | Noticed an ironheart preserver
  6197 | D        | Reached skill level 10 in Dodging
  6204 | D        | Noticed an entropy weaver
  6213 | D        | Noticed a vault warden
  6214 | D        | Killed an ironheart preserver
  6215 | D        | Noticed a sphinx
  6219 | D        | Noticed a sphinx
  6239 | D        | Killed an entropy weaver
  6254 | D        | Killed a vault warden
  6260 | D        | Killed a sphinx
  6266 | D        | Noticed a titan
  6266 | D        | Noticed a red draconian monk
  6266 | D        | Noticed a yellow draconian annihilator
  6270 | D        | Killed a sphinx
  6270 | D        | Reached skill level 15 in Dodging
  6284 | D        | Killed a yellow draconian annihilator
  6300 | D        | Noticed a sphinx
  6336 | D        | Killed a red draconian monk
  6398 | D        | Killed a titan
  6408 | D        | Killed a sphinx
  6495 | D        | Noticed Jory
  6847 | D        | Killed from afar by Jory

Skill      XL: |  1  2  3  4  5  6  7  8  9 10 11 12 13 14 |
---------------+-------------------------------------------+-----
Long Blades    | 6 8 9 10 12 13 14 16 | 16.7
Armour         | 7 9 10 11 12 13 14 15 17 20 21 | 21.1
Fighting       | 4 6 7 8 9 11 12 14 17 | 17.5
Shields        | 5 7 9 11 12 14 16 17 | 17.1
Invocations    | 3 7 8 10 13 15 17 18 | 18.5
Dodging        | 18 | 18.5

Action                   |  1- 3 |  4- 6 |  7- 9 | 10-12 | 13-15 || total
-------------------------+-------+-------+-------+-------+-------++-------
Melee: Long sword        |    14 |    11 |       |       |       ||    25
       Scimitar          |       |    31 |   114 |   318 |       ||   463
       Demon blade       |       |       |       |   244 |   578 ||   822
Throw: Tomahawk          |       |       |       |     5 |       ||     5
Invok: Major Destruction |       |       |       |     9 |     8 ||    17
       Greater Servant o |       |       |       |     4 |     8 ||    12
 Abil: Heal Wounds       |       |     1 |       |    27 |    28 ||    56
Evoke: Wand              |       |       |       |       |     2 ||     2
  Use: Potion            |     1 |     1 |     4 |    13 |       ||    19
 Stab: Invisible         |       |       |     5 |       |       ||     5
  Eat: Ration            |       |       |     1 |     2 |     1 ||     4
       Chunk             |       |       |       |     2 |     4 ||     6
Armor: Scale mail        |     6 |    23 |    33 |    59 |       ||   121
       Storm dragon scal |       |       |       |    89 |   147 ||   236
Dodge: Dodged            |     5 |    13 |    32 |    94 |    98 ||   242
Block: Shield            |     7 |    25 |    52 |   233 |   211 ||   528
       Rpst.: Long sword |     2 |       |       |       |       ||     2
       Scimitar          |       |     2 |     9 |     3 |       ||    14
       Demon blade       |       |       |       |     9 |    21 ||    30
